 Dungeon Crawl Stone Soup version 0.19-a0-1468-ge013c26 (webtiles) character file.

20 jacquesderrida the Cudgeler (level 2, 0/15 HPs)
             Began as a Vine Stalker Wanderer on Sept 7, 2016.
             Succumbed to a kobold's poison
             ... on level 3 of the Dungeon.
             The game lasted 00:01:01 (288 turns).

jacquesderrida the Cudgeler (Vine Stalker Wanderer)  Turns: 288, Time: 00:01:01

Health: 0/15       AC:  5    Str: 14    XL:     2   Next: 79%
Magic:  2/3        EV:  9    Int: 11    God:
Gold:   41         SH:  4    Dex: 14    Spells: 0 memorised, 1 level left

rFire  . . .     SeeInvis .     a - +2 mace
rCold  . . .     Gourm    .     b - +0 ring mail
rNeg   . . .     Faith    .     c - +0 buckler
rPois  .         Spirit   +     (no helmet)
rElec  .         Dismiss  .     (no cloak)
rCorr  +         Reflect  .     (no gloves)
MR     .....     Harm     .     (no boots)
Stlth  +.........               (no amulet)
                                (no ring)
                                e - ring of resist corrosion

@: lethally poisoned (0 -> -11)
A: fangs 2, magic shield, antimagic bite, no device heal 3, rot immunity
a: no special abilities


You were on level 3 of the Dungeon.
You were not hungry.

You visited 1 branch of the dungeon, and saw 3 of its levels.

You collected 41 gold pieces.

Inventory:

Hand Weapons
 a - a +2 mace (weapon)
Armour
 b - a +0 ring mail (worn)
 c - a +0 buckler (worn)
Jewellery
 e - a ring of resist corrosion (left hand)
Scrolls
 g - a scroll of identify {unknown}
 h - a scroll of noise {unknown}
Comestibles
 d - 3 bread rations
 f - 2 beef jerkies


   Skills:
 - Level 1.7 Fighting
 - Level 2.6 Maces & Flails
   Level 1.0 Crossbows
 - Level 1.5 Armour
 - Level 1.2 Stealth
 - Level 1.0 Shields
 + Level 2.3 Unarmed Combat


You had one spell level left.
You didn't know any spells.

Dungeon Overview and Level Annotations

Branches:
Dungeon (3/15)

Altars:


Innate Abilities, Weirdness & Mutations

You have extremely sharp teeth.
When hurt, damage is shared between your health and your magic reserves.
Your bite disrupts and absorbs the magic of your enemies.
Potions and wands cannot restore your health.
You are immune to rotting.


Message History

Things that are here:
an uncursed whip of freezing; an uncursed blowgun; 9 poisoned needles
* * * LOW HITPOINT WARNING * * *
You feel sick.
* * * LOW HITPOINT WARNING * * *
You feel sick.
You see here 3 poisoned needles.
Wield which item (- for none, * to show all)? (? for menu, Esc to quit)
Okay, then.
You aren't carrying any potions.
Wield which item (- for none, * to show all)? (? for menu, Esc to quit)
You are wearing that object!
You swing at nothing.
* * * LOW HITPOINT WARNING * * *
You feel sick.
You swing at nothing.
* * * LOW HITPOINT WARNING * * *
You feel sick.
You swing at nothing.
You die...

#...# #
###...###########.###
.............##.....
................#..
..................#
###...#####.##....#
#...# #.##....##.#
#...# #.###..(...#
###...# #.((..@######
......# #####.†.....#
.##...# #).......#
.##...# #.....##..#
.###### #............
.......#
#.......#..##
...)##.# #..........#
.##.##.##
##........##
.##...... ##...#####


There were no monsters in sight!

Vanquished Creatures
  2 giant geckos (D:1)
  2 bats (D:3)
  3 goblins
  2 jackals (D:2)
  2 kobolds (D:3)
  2 giant newts
  3 rats
16 creatures vanquished.

Notes
Turn   | Place    | Note
-------+----------+-------------------------------------------
     0 | D:1      | jacquesderrida the Vine Stalker Wanderer began the quest for the Orb.
     0 | D:1      | jacquesderrida set off with: a +2 mace, a +0 ring mail, a +0 buckler, a bread ration
     0 | D:1      | Reached XP level 1. HP: 11/11 MP: 2/2
    86 | D:1      | Reached skill level 1 in Unarmed Combat
   109 | D:1      | Reached XP level 2. HP: 15/15 MP: 1/3
   288 | D:3      | Succumbed to a kobold's poison

Vault maps used:
D:1:      grunt_arrival_lava_bath, minmay_quantized
D:2:      first_bread, grunt_decor_arrowhead, uniq_sigmund
D:3:      lemuel_round_altar, ashenzari_conservatory_becter,
          kennysheep_vampire_church

Skill      XL: |  1  2 |
---------------+-------+-----
Unarmed Combat | 1 2 |  2.3
Fighting       | |  1.7
Maces & Flails | |  2.6
Crossbows      | |  1.0
Armour         | |  1.5
Stealth        | |  1.2
Shields        | |  1.0

Action                   || total
-------------------------++-------
Melee: Mace              ||    32
       Bite              ||     1
Armor: Ring mail         ||    13
Dodge: Dodged            ||    20
Block: Buckler           ||     7
